 Dungeon Crawl Stone Soup version 0.20.1-1-g8b1a95d (webtiles) character file.

95 grizmgrazm2 the Vexing (level 4, -5/30 HPs)
             Began as a Vampire Enchanter on Oct 1, 2017.
             Was an Initiate of Ashenzari.
             Slain by equalderp2856's ghost (13 damage)
             ... on level 3 of the Dungeon.
             The game lasted 00:09:36 (3177 turns).

grizmgrazm2 the Vexing (Vampire Enchanter)          Turns: 3177, Time: 00:09:37

Health: -5/30      AC:  3    Str:  7    XL:     4   Next: 39%
Magic:  0/8        EV: 13    Int: 18    God:    Ashenzari [......]
Gold:   114        SH:  0    Dex: 14    Spells: 4/8 levels left

rFire    . . .     SeeInvis +   a - +3 dagger (curse)
rCold    + + .     Gourm    .   (no shield)
rNeg     + + +     Faith    .   b - +0 robe
rPois    ∞         Spirit   .   (no helmet)
rElec    .         Reflect  .   (no cloak)
rCorr    .         Harm     .   n - +0 pair of gloves
MR       .....                  (no boots)
Stlth    +++++.....             (no amulet)
Regen    0.0/turn               (no ring)
MPRegen  0.2/turn               (no ring)

@: bloodless, non-regenerating
A: fangs 3, see invisible, unbreathing
a: Bat Form, Curse Item, Renounce Religion


You were on level 3 of the Dungeon.
You worshipped Ashenzari.
Ashenzari was noncommittal.
You were bloodless.

You visited 1 branch of the dungeon, and saw 3 of its levels.

You collected 114 gold pieces.

Inventory:

Hand Weapons
 a - a cursed +3 dagger (weapon)
Armour
 b - a +0 robe (worn)
 n - a +0 pair of gloves (worn)
Scrolls
 e - 2 scrolls of fear
 i - a scroll of amnesia
Potions
 d - 12 potions of blood
 g - a potion of lignification {unknown}
 h - a potion of brilliance {unknown}
 j - a potion of cancellation {unknown}
 k - a potion of invisibility
 l - a potion of degeneration {unknown}
Books
 c - a book of Maledictions

   Spells                             Type                      Level
   a - Corona                         Hexes                        1
   b - Ensorcelled Hibernation        Hexes/Ice                    2
   c - Confuse                        Hexes                        3
   d - Tukima's Dance                 Hexes                        3
   e - Dazzling Spray                 Conjuration/Hexes            3


   Skills:
 + Level 0.1 Fighting
 + Level 2.1 Short Blades
 + Level 2.5 Dodging
 + Level 5.3 Stealth
 + Level 2.7 Spellcasting
 + Level 5.4 Hexes


You had 4 spell levels left.
You knew the following spells:

 Your Spells              Type           Power        Failure   Level  Hunger
a - Confuse               Hex            ###.....     5%          3    ###....
b - Corona                Hex            ###....      1%          1    #......


Dungeon Overview and Level Annotations

Branches:
Dungeon (3/15)

Altars:
Ashenzari
Fedhas
Qazlal

Annotations:
D:3 equalderp2856's ghost, amateur MiFi


Innate Abilities, Weirdness & Mutations

You do not heal naturally.
You are immune to poison.
You have razor-sharp teeth.
You have supernaturally acute eyesight. (SInv)
You can survive without breathing.


Message History

Equalderp2856's ghost is almost destroyed.
Equalderp2856's ghost closely misses you.
You feel better. Equalderp2856's ghost hits you.
* * * LOW HITPOINT WARNING * * *
You barely miss equalderp2856's ghost.
Equalderp2856's ghost is almost destroyed.
Equalderp2856's ghost misses you.
Casting: Confuse
Confirm with . or Enter, or press ? or * to list all spells.
Aiming: Confuse
Press: ? - help, Shift-Dir - straight line, f/p - equalderp2856's ghost
Aim: equalderp2856's ghost (almost destroyed, chance to defeat MR: 47%) Equalderp2856's ghost appears confused.
You hit equalderp2856's ghost but do no damage.
Equalderp2856's ghost is almost destroyed.
You hit equalderp2856's ghost but do no damage.
You bite equalderp2856's ghost, but do no damage.
Equalderp2856's ghost is almost destroyed.
Equalderp2856's ghost hits you!
You die...

###.#.### #..>#...#
#.#####.# #...#...#
###.#.#.# #...#.# #
##.##.########
#######.##.........
#.@................
#W#####.##.#)###### #.#
#.##.#.# #
##########.#####.##.#.######
...........#.....##.#.......
#..........#....##.#..#####
..#...##...#.###.#.....#
...#..##..#..###.......#####
. .. ....#....####..%.......


You could see equalderp2856's ghost (confused).

Vanquished Creatures
  2 adders
  2 oozes
  A worm (D:3)
  A dart slug (D:3)
  2 leopard geckos (D:2)
  An orc (D:3)
  A ball python (D:1)
  5 bats
  4 giant cockroaches
  2 goblins
  7 hobgoblins
  2 jackals (D:2)
  12 kobolds
  3 quokkas
  2 frilled lizards
  9 rats
  3 fungi (D:2)
59 creatures vanquished.

Notes
Turn   | Place    | Note
-------+----------+-------------------------------------------
     0 | D:1      | grizmgrazm2 the Vampire Enchanter began the quest for the Orb.
     0 | D:1      | Reached XP level 1. HP: 13/13 MP: 3/3
   591 | D:1      | Found a shattered altar of Ashenzari.
   627 | D:1      | Became a worshipper of Ashenzari the Shackled
   743 | D:1      | Reached XP level 2. HP: 18/19 MP: 3/5
  1197 | D:2      | Found a blossoming altar of Fedhas.
  1199 | D:2      | Reached skill level 5 in Hexes
  1211 | D:2      | Reached XP level 3. HP: 24/24 MP: 6/6
  1267 | D:2      | Found a stormy altar of Qazlal.
  1302 | D:2      | Learned a level 3 spell: Confuse
  1635 | D:2      | Reached skill level 5 in Stealth
  1828 | D:2      | Found a faded altar of an unknown god.
  2766 | D:3      | Reached XP level 4. HP: 30/30 MP: 7/7
  2871 | D:3      | Noticed equalderp2856's ghost (amateur MiFi)
  3177 | D:3      | Slain by equalderp2856's ghost

Skill      XL: |  1  2  3  4 |
---------------+-------------+-----
Hexes          | 5 |  5.4
Stealth        | 5 |  5.3
Short Blades   | 2 |  2.1
Fighting       | |  0.1
Dodging        | |  2.5
Spellcasting   | |  2.7

Action                   |  1- 3 |  4- 6 || total
-------------------------+-------+-------++-------
Melee: Dagger            |   165 |    40 ||   205
       Bite              |    15 |     5 ||    20
 Cast: Corona            |    11 |       ||    11
       Confuse           |    19 |    11 ||    30
Invok: Curse Item        |     1 |       ||     1
  Use: Scroll            |     7 |     3 ||    10
       Potion            |     2 |     3 ||     5
 Stab: Sleeping          |    15 |     6 ||    21
       Confused          |     1 |     3 ||     4
       Distracted        |     1 |       ||     1
Armor: Robe              |    14 |     4 ||    18
Dodge: Dodged            |    70 |    22 ||    92
